woodfighter, chaotic female human Barbarian ----- |<..--- ---- ------- |.....---|... |.....| --..|....|.- |.(_..| --.|-...).---- |.....| --|.........|--- ----- ---.--- ----.|....|..----...-- |.| -----..|....|.....---- |.| ------ |..|.............---.-- |%!%%| --......---...........---- |....| |........|...|...........- ---|--------....-------...---(.%.. ------.---...-|...-|..| --...|).---...| -- . |..|-.........|..--|..| --....[|-....| .... |..-...............-.---+-----..-|.......... -----.....{....----...............|...y.i.... |..............-- --+--.---------(.@a..... -+-----.........| |.|..%(| --.......- --..------- |.).(((| ---...--- ---- --|.(((| - ------ woodfighter the Bandit Experience level: 7 Strength: 18/01 Dexterity: 18 Constitution: 18 Intelligence: 7 Wisdom: 7 Charisma: 6 Health: 0(68) Energy: 13(13) Def: 10 Gold: 216 Moves: 2815 Dungeon seed: 4PXAyui53Q5iqz3G Game ID: woodfighter_1444855714 Your Inventory: Coins $ - 216 gold pieces Weapons a - a +0 battle-axe (weapon in hands) w - 7 +0 daggers Armor e - an uncursed +0 ring mail p - a cursed +0 pair of iron shoes q - an uncursed +0 dwarvish iron helm r - an uncursed +0 dwarvish mithril-coat x - a cursed -2 dwarvish cloak y - an uncursed +0 pair of iron shoes z - an uncursed +0 dwarvish cloak I - an uncursed +0 dwarvish cloak M - an uncursed +0 pair of iron shoes Q - an uncursed +0 dwarvish cloak R - an uncursed +0 dwarvish mithril-coat (being worn) S - an uncursed +0 dwarvish cloak T - a cursed +0 dwarvish iron helm U - an uncursed +0 pair of iron shoes W - an uncursed +0 dwarvish iron helm (being worn) X - an uncursed +0 pair of iron shoes (being worn) Y - an uncursed +0 dwarvish cloak (being worn) Comestibles c - 4 uncursed food rations L - an uncursed tripe ration Scrolls D - an uncursed scroll of teleportation Wands h - a wand of enlightenment (0:13) i - a wand of enlightenment (0:15) k - a wand of secret door detection (0:11) C - a wand of undead turning (0:7) V - a wand of digging (0:8) Tools m - a frost horn (0:4) s - a +0 pick-axe H - an uncursed oil lamp (lit) (0:59) Gems n - an uncursed jet stone t - an uncursed garnet stone u - an uncursed touchstone N - an uncursed jasper stone P - an uncursed fluorite stone Z - 2 uncursed flint stones Spells and supernatural/magical abilities: Name Level Category Fail Memory W - pray for help -- divine ? -- Your skills at the end: Miscellaneous Skills bare handed combat [Basic] Weapon Skills axe [Basic] two-handed sword [Basic] Spellcasting Skills Final Attributes: You were piously aligned. You were poison resistant. You were fast. You are dead. Vanquished creatures: a large mimic a dwarf mummy 2 ravens a rock mole a shrieker 6 gnome lords a gnomish wizard a gray ooze 2 giant ants 8 dwarves 2 kobold lords a kobold shaman an iguana a centipede 2 orc zombies 6 killer bees a hobbit a gecko 24 gnomes 7 jackals 5 newts 75 creatures vanquished. Voluntary challenges: You did not adorn yourself with jewelry or accessories. You had been an atheist until turn 2083. You used a wielded weapon 105 times, starting on turn 35. You did not apply a unicorn horn. You read items or engraved 3 times, starting on turn 1225. You never genocided any monsters. You never polymorphed an object. You never changed form. You used no wishes. You never split a pudding. You wrote Elbereth's name 2 times, starting on turn 2541. You never violated your personal moral code. Dungeon overview: The Dungeons of Doom: levels 1 to 3 Level 1 a long staircase Level 2 stairs to The Gnomish Mines Level 3 The Gnomish Mines: levels 3 to 6 Level 3 stairs to The Dungeons of Doom Level 4 Level 5 Level 6 <- You were here some shops, a temple to Crom, a magic chest, a fountain History has recorded: On T:1 you entered the Dungeons of Doom to retrieve the Amulet of Yendor! On T:32 you reached level 2 of The Dungeons of Doom. On T:528 you reached level 1 of The Gnomish Mines. On T:620 you reached level 3 of The Dungeons of Doom. On T:743 you advanced to experience level 2. On T:751 you advanced to experience level 3. On T:825 you advanced to experience level 4. On T:1084 you reached level 2 of The Gnomish Mines. On T:1132 you advanced to experience level 5. On T:1448 you reached level 3 of The Gnomish Mines. On T:1828 you advanced to experience level 6. On T:2045 you reached level 4 of The Gnomish Mines. On T:2135 you entered the Minetown temple On T:2257 you opened a magic chest. On T:2275 you opened a magic chest. On T:2279 you opened a magic chest. On T:2281 you opened a magic chest. On T:2325 you advanced to experience level 7. Score breakdown: Gold: 216 ( 21 points) Experience: 7 levels ( 600 points) Exploration: 6 levels ( 150 points) Discoveries: 8 items ( 400 points) Variety of kills: 21 monsters ( 1050 points) Major goal: reached Minetown ( 500 points) Survival: died (score multiplied by 3) Total score: 8163 Latest messages: The giant bat turns to flee! The dog turns to flee! The orc mummy turns to flee! The raven turns to flee! The soldier ant turns to flee! You stop searching. The dog turns to flee! The soldier ant turns to flee! (3x) Your oil lamp flickers. The soldier ant turns to flee! The orc mummy turns to flee! The soldier ant turns to flee! (2x) You finish searching. You have a little trouble lifting E - a blessed brown potion. d - a blessed clear potion. v - an uncursed smoky potion. V - an uncursed brass wand. i - an uncursed copper wand. h - an uncursed copper wand. k - an uncursed marble wand. C - an uncursed runed wand. You smite the soldier ant! The soldier ant bites! The soldier ant stings! The soldier ant bites! The soldier ant stings! You die... Final status: Goodbye woodfighter the Barbarian, killed by a soldier ant... You died in The Gnomish Mines on dungeon level 6 with 8163 points, and 216 pieces of gold, after 2815 moves. You were level 7 with a maximum of 68 hit points when you died.